 Dungeon Crawl Stone Soup version 0.32-a0-732-ga344392067 (webtiles) character file.

Game seed: 17244777308037676287

175 gimp the Cudgeller (level 5, -7/39 HPs)
             Began as a Coglin Wanderer on Mar 16, 2024.
             Killed from afar by an orc wizard (9 damage)
             ... with a puff of flame
             ... on level 3 of the Dungeon.
             The game lasted 00:03:53 (2870 turns).

gimp the Cudgeller (Coglin Wanderer)                Turns: 2870, Time: 00:03:54

Health: -7/39      AC:  9    Str:  9 (12) XL:     5   Next: 55%
Magic:  5/5        EV:  3    Int:  7 (8)  God:
Gold:   82         SH:  0    Dex: 15 (17) Spells: 4/4 levels left

rFire   . . .        a - +2 dagger (venom) {Nimrit}
rCold   . . .        b - +0 hand axe {Suthep}
rNeg    . . .        n - +0 chain mail
rPois   +            (no helmet)
rElec   +            (no cloak)
rCorr   .            l - +0 pair of gloves
SInv    .            (no boots)
Will    .....        (amulet unavailable) Stlth
                     (ring unavailable)
HPRegen 0.26/turn    (ring unavailable)
MPRegen 0.09/turn    (no gizmo)

%: no passive effects
@: confused, mighty, hasted, revving, very quick
A: off-hand wielding, slow wielding, warmup strikes, no jewellery, poison
resistance, electricity resistance, weak 1
a: Invent Gizmo, Convert to Beogh


You were on level 3 of the Dungeon.
You visited 1 branch of the dungeon, and saw 3 of its levels.

You collected 82 gold pieces.

Inventory:

Hand Weapons
 a - a +2 dagger of venom (weapon) {Nimrit}
 b - a +0 hand axe (offhand) {Suthep}
Armour
 l - a +0 pair of gloves (worn)
 n - a +0 chain mail (worn)
Wands
 c - a wand of polymorph (5)
Scrolls
 d - a scroll of fog
 g - 3 scrolls of teleportation {unknown}
 j - 2 scrolls of summoning {unknown}
 k - a scroll of noise {unknown}
 m - a scroll of enchant armour {unknown}
Potions
 e - a potion of haste
 f - a potion of mutation
 h - 3 potions of degeneration


   Skills:
 + Level 2.7 Fighting
 * Level 4.2(5.4) Axes
 - Level 4.5(5.2) Maces & Flails
 - Level 1.0 Stealth
 - Level 4.0 Evocations


You had 4 spell levels left.
You didn't know any spells.
Your spell library contained the following spells:

 Spells                   Type           Power      Damage    Failure   Level
 Magic Dart               Conj           0%         1d3       100%        1
 Blink                    Tloc           0%         N/A       100%        2
 Call Imp                 Summ           0%         N/A       100%        2


Dungeon Overview and Level Annotations

Branches:
Dungeon (3/15)

Altars:


Innate Abilities, Weirdness & Mutations

You can wield a second weapon in your off-hand.
It takes a long time for you to wield or remove held weapons.
Your first few attacks do less damage.
You cannot equip rings or amulets.
Your system is resistant to poisons. (rPois)
You are resistant to electric shocks. (rElec)
You are weak. (Str -2)


Message History

You are confused.
An orc priest comes into view. It is wielding a +0 dagger.
The orc moves out of view.
An orc wizard comes into view. It is wielding a +0 dagger.
The orc wizard shouts!
The orc wizard moves out of view.
You're too confused to move!
You bump into the rock wall.
The orc wizard hits you but does no damage.
The orc priest mumbles some strange prayers to Beogh against you.
Beogh smites you!
You take 15 damage, and have 24/39 hp.
MASSIVE DAMAGE!!
It was a potion of degeneration.
There was something very wrong with that liquid.
You feel weakened.
You feel dopey.
You feel clumsy.
The orc wizard hits you with a +0 dagger.
You take 2 damage, and have 22/39 hp.
It was a potion of mutation.
You feel extremely strange.
You feel insulated.
You feel weaker.
You feel resistant to poisons.
You feel less confused.
The orc wizard gestures at you while chanting.
The magic dart hits you.
You take 2 damage, and have 20/39 hp.
The orc wizard attacks as it pursues you!
The orc wizard barely misses you.
The orc wizard attacks as it pursues you!
The orc wizard hits you but does no damage.
You closely miss the orc wizard with your +2 dagger of venom.
You hit the orc wizard with your +0 hand axe.
The orc wizard hits you with a +0 dagger.
You hit the orc wizard with your +0 hand axe.
The orc wizard is moderately wounded.
You barely miss the orc wizard with your +2 dagger of venom.
The orc wizard hits you but does no damage.
The orc wizard mumbles some strange words.
The orc wizard flickers and vanishes!
Deactivating autopickup; reactivate with Ctrl-A.
No target in range!
The orc wizard hits you with a +0 dagger.
Something hits you but does no damage.
You take 1 damage, and have 20/39 hp.
You closely miss the orc wizard with your +2 dagger of venom.
You barely miss the orc wizard with your +0 hand axe.
You hear some strange, mumbled words.
A puff of flame appears from out of thin air!
The puff of flame hits you.
You take 1 damage, and have 19/39 hp.
You closely miss the orc wizard with your +0 hand axe.
You hit the orc wizard with your +2 dagger of venom.
The orc wizard is poisoned.
The orc wizard hits you but does no damage.
You hit the orc wizard with your +0 hand axe.
The orc wizard is heavily wounded.
You hit the orc with your +0 hand axe.
You barely miss the orc wizard with your +2 dagger of venom.
The orc wizard hits you but does no damage.
The orc hits you but does no damage.
You hit the orc with your +2 dagger of venom.
The orc is poisoned.
The orc is almost dead.
You hit the orc with your +0 hand axe.
You kill the orc!
You closely miss the orc wizard with your +0 hand axe.
The orc wizard hits you but does no damage.
You barely miss the orc priest with your +0 hand axe.
You barely miss the orc wizard with your +0 hand axe.
You hit the orc priest with your +2 dagger of venom.
The orc priest is poisoned.
The orc wizard casts a spell at you.
You are confused.
The orc priest barely misses you.
Okay, then.
Okay, then.
Unknown command.
It was a potion of haste.
You feel yourself speed up.
The orc wizard hits you but does no damage.
The orc priest barely misses you.
It was a potion of might.
You feel very mighty all of a sudden.
You kill the orc wizard!
The orc priest mumbles some strange prayers to Beogh against you.
Beogh smites you!
* * * LOW HITPOINT WARNING * * *
Something hits you but does no damage.
You take 14 damage, and have 6/39 hp.
MASSIVE DAMAGE!!
The orc priest hits you with a +0 dagger.
* * * LOW HITPOINT WARNING * * *
You take 1 damage, and have 5/39 hp.
Okay, then.
You are too confused!
Unknown command.
You are too confused!
Unknown command.
Something hits you but does no damage.
The orc priest hits you with a +0 dagger.
* * * LOW HITPOINT WARNING * * *
You hear some strange, mumbled words.
A puff of flame appears from out of thin air!
The puff of flame hits you!
You die...

##### ... ..#######.. #
#########.#........ #
#.........#.##### #
#.######..#.#o{o# # #.#
#.....@.#.# # #.#
#...#.###o# # #.#
#...#....o# # #.#
#..).....o# #
##.######...........oo..
#
#...........######.#####
# #########..†# .# #
#...# # # #...# #


You could see an orc priest (very poisoned) and an orc.

Vanquished Creatures
  An orc priest (D:3)
  An orc wizard (D:3)
  3 adders
  2 ribbon worms (D:2)
  9 orcs (D:3)
  5 endoplasms
  4 giant cockroaches
  4 goblins
  5 hobgoblins (D:1)
  10 jackals
  2 quokkas
  5 ball pythons
  8 bats
  2 frilled lizards (D:1)
  5 kobolds
  7 rats
73 creatures vanquished.

Notes
Turn   | Place    | Note
-------+----------+-------------------------------------------
     0 | D:1      | gimp the Coglin Wanderer began the quest for the Orb.
     0 | D:1      | gimp set off with the following items: a +2 mace {Juhanna},
                  | a +0 hand axe {Suthep}, a wand of polymorph (5), a scroll
                  | of fog, a +0 leather armour, a +0 dagger {Hondscioh}.
     0 | D:1      | Reached XP level 1. HP: 13/13 MP: 1/1
    50 | D:1      | Reached XP level 2. HP: 19/20 MP: 2/2
    92 | D:1      | Reached skill level 1 in Fighting
   314 | D:1      | Reached XP level 3. HP: 26/26 MP: 3/3
  1246 | D:2      | Reached XP level 4. HP: 26/33 MP: 4/4
  2370 | D:3      | Reached XP level 5. HP: 19/39 MP: 5/5
  2849 | D:3      | Gained mutation: You are resistant to electric shocks.
                  | (rElec) [potion of mutation]
  2849 | D:3      | Gained mutation: You are weak. (Str -2) [potion of
                  | mutation]
  2849 | D:3      | Gained mutation: Your system is resistant to poisons.
                  | (rPois) [potion of mutation]
  2870 | D:3      | Killed from afar by an orc wizard

Illustrated notes

Levels and vault maps discovered:
D:1:      minmay_arrival_checkered_box, layout_loops_ring, grunt_decor_cap,
          minivault_14
D:2:      layout_basic, serial_co_window_serial, co_window_corner_a,
          co_window_paths_b, co_window_paths_b, co_window_paths_a,
          co_window_paths_a, co_window_broadway_b, co_window_cross_3,
          co_window_broadway_c, co_window_corner_ca, co_window_2corner,
          co_window_paths_d, glass_columns_c, glass_columns_b, glass_columns_a,
          glass_columns_a
D:3:      layout_basic

Skill      XL: |  1  2  3  4  5 |
---------------+----------------+-----
Axes           | 2 3 4 |  4.2
Fighting       | 1 2 |  2.7
Maces & Flails | |  4.5
Stealth        | |  1.0
Evocations     | |  4.0

Action                     |  1- 3 |  4- 6 || total
---------------------------+-------+-------++-------
  Melee: Mace              |    43 |       ||    43
         Hand axe          |    65 |    56 ||   121
         Dagger            |    24 |    54 ||    78
    Use: Potion            |       |     4 ||     4
   Stab: Sleeping          |     2 |       ||     2
 Armour: Leather armour    |    45 |     9 ||    54
         Chain mail        |       |    49 ||    49
  Dodge: Dodged            |    35 |    22 ||    57

Table legend: (Time is in decaauts)
 A = Elapsed time spent in this place.
 B = Non-inter-level travel time spent in this place.
 C = Inter-level travel time spent in this place.
 D = Time resting spent in this place.
 E = Time spent auto-exploring this place.
 F = Levels seen in this place.
 G = Mean time per level.
                   A        B        C        D        E       F      G
               +--------+--------+--------+--------+--------+-----+--------+
         Total |   2880 |   2795 |     85 |      2 |   2334 |   3 |  960.0 |
       Dungeon |   2880 |   2795 |     85 |      2 |   2334 |   3 |  960.0 |
               +--------+--------+--------+--------+--------+-----+--------+

Top non-repeatable levels by time:
     D:2: 1120 daAuts
     D:3: 977 daAuts
     D:1: 782 daAuts
